 Dungeon Sprint DCSS version 0.30-a0-476-g330ca2eb8e (webtiles) character file.

Game seed: 1444751301509061995

400 NinjaNoafa the Magician (level 6, -5/55 HPs)
             Began as a Gnoll Warper on Dec 22, 2022.
             Was a High Priest of Cheibriados.
             Slain by a demonic crawler (8 damage)
             ... in the Dungeon (Sprint VII: "The Pits").
             The game lasted 00:03:54 (677 turns).

NinjaNoafa the Magician (Gnoll Warper)               Turns: 677, Time: 00:03:54

Health: -5/55      AC:  5    Str: 23    XL:     6   Next: 84%
Magic:  2/16       EV: 18    Int: 27    God:    Cheibriados [*****.]
Gold:   0          SH:  0    Dex: 25    Spells: 4/19 levels left

rFire   . . .      SeeInvis .    e - +2 mace (vorpal)
rCold   . . .      Faith    .    (no shield)
rNeg    . . .      Spirit   .    a - +0 troll leather armour {Pargi}
rPois   .          Reflect  .    (no helmet)
rElec   .          Harm     .    (no cloak)
rCorr   .          Rampage  .    (no gloves)
Will    .....      NoTele   +    (no boots)
Stlth   +++.......               (no amulet)
HPRegen 1.09/turn                (no ring)
MPRegen 0.15/turn                (no ring)

@: very slow
A: fangs 1, strong nose, distributed training
a: Renounce Religion, Bend Time, Temporal Distortion, Slouch, Step From Time


You were in the Dungeon.
You worshipped Cheibriados.
Cheibriados was extremely pleased with you.
You visited 1 branch

Inventory:

Hand Weapons
 e - a +2 vorpal mace (weapon)
Missiles
 d - 6 boomerangs of dispersal (quivered)
 m - 10 stones
Armour
 a - a +0 troll leather armour (worn) {Pargi}
Scrolls
 c - a scroll of blinking
 n - 5 scrolls of amnesia
 p - 2 scrolls of vulnerability
Potions
 b - 4 potions of curing
 f - 3 potions of heal wounds
 g - a potion of haste
 h - 4 potions of magic
 i - 2 potions of berserk rage
 l - 2 potions of invisibility


   Skills:
 + Level 7.0 Fighting
 + Level 5.1 Short Blades
 + Level 5.1 Long Blades
 + Level 5.1 Axes
 + Level 7.0 Maces & Flails
 + Level 5.1 Polearms
 + Level 5.1 Staves
 + Level 5.1 Ranged Weapons
 + Level 5.8 Throwing
 + Level 5.8 Armour
 + Level 7.0 Dodging
 + Level 5.1 Stealth
 + Level 5.1 Shields
 + Level 5.1 Unarmed Combat
 + Level 7.2 Spellcasting
 + Level 4.2 Conjurations
 + Level 4.2 Hexes
 + Level 4.2 Summonings
 + Level 4.2 Necromancy
 + Level 7.0 Translocations
 + Level 4.2 Transmutations
 + Level 4.2 Fire Magic
 + Level 4.2 Ice Magic
 + Level 4.2 Air Magic
 + Level 4.2 Earth Magic
 + Level 4.2 Poison Magic
 + Level 5.6 Invocations
 + Level 5.1 Evocations


You had 4 spell levels left.
You knew the following spells:

 Your Spells              Type           Power      Damage    Failure   Level
a - Blink                 Tloc           94%        N/A       1%          2
b - Lesser Beckoning      Tloc           94%        N/A       1%          3
c - Teleport Other        Tloc           47%        N/A       1%          3
d - Vhi's Electric Charg  Tloc/Air       80%        N/A       1%          3
e - Manifold Assault      Tloc           47%        N/A       3%          4

Your spell library contained the following spells:

 Spells                   Type           Power      Damage    Failure   Level


Dungeon Overview and Level Annotations

Branches:
Dungeon (1/1)

Altars:
Ashenzari
Cheibriados
Dithmenos
Elyvilon
Fedhas
Gozag
Hepliaklqana
Kikubaaqudgha
Makhleb
Nemelex Xobeh
Okawaru
Qazlal
Ru
Sif Muna
Trog
Uskayaw
Vehumet
Wu Jian
Xom
Yredelemnul
Zin
The Shining One
Jiyva
Lugonu


Innate Abilities, Weirdness & Mutations

You have very sharp teeth.
Your uncanny sense of smell can sniff out nearby items.
Your experience applies equally to all skills.


Message History

Confirm with . or Enter, or press ? or * to list all spells.
Charge where?
Press: ? - help, Dir - move target, f - demonic crawler
Aim: a demonic crawler (asleep, 98% to hit)
You charge forward with an electric crackle!
The demonic crawler gives a hideous shriek!
You hit the demonic crawler but do no damage.
The demonic crawler hits you! x2; The demonic crawler closely misses you.
The demonic crawler shrieks in warning!
You hear a howl!
You hear an angry hiss.
You hear a croak. x2
You hear a loud, deep croak!
Casting: Vhi's Electric Charge (safe; 1% risk of failure)
Confirm with . or Enter, or press ? or * to list all spells.
You blink.
Casting: Blink (safe; 1% risk of failure)
Confirm with . or Enter, or press ? or * to list all spells.
Space momentarily warps into an impossible shape!
You hit the demonic crawler.
You feel stable enough to blink again.
Casting: Manifold Assault (dangerous; 3% risk of failure)
Confirm with . or Enter, or press ? or * to list all spells.
Charge where?
Press: ? - help, Dir - move target, f/p - demonic crawler
Aim: a demonic crawler (lightly wounded, 95% to hit)
You charge forward with an electric crackle!
You hit the demonic crawler.
The demonic crawler is lightly wounded.
The demonic crawler hits you. The demonic crawler hits you!
The demonic crawler misses you.
The demonic crawler hits you but does no damage.
The demonic crawler hits you. x2
The flow of time bends around you.
Cheibriados rebukes the demonic crawler.
The demonic crawler seems to slow down.
The demonic crawler hits you!
* * * LOW HITPOINT WARNING * * *
The demonic crawler hits you.
* * * LOW HITPOINT WARNING * * *
The demonic crawler barely misses you. The demonic crawler hits you!
You die...

#.#..#.)))[##.......#
#'###########.......#
#.......# #########
#.###...# #.#.....#
∆∆∆∆ #.#...#.#+# ∆∆
#.....#.#.+ ∆∆
#...###.#'# ∆∆
#...°@s)'.# ∆
###########


You could see a demonic crawler (slow).

Vanquished Creatures
  Sigmund (D)
  Blork the orc (D)
  An orc priest (D)
  2 gnolls (D)
  An adder (D)
  An ufetubus (D)
  An orc (D)
  A giant cockroach (D)
  3 hobgoblins (D)
  A quokka (D)
  A ball python zombie (D)
  A rat (D)
15 creatures vanquished.

Vanquished Creatures (collateral kills)
  Pargi (D)
1 creature vanquished.

Grand Total: 16 creatures vanquished

Notes
Turn   | Place    | Note
-------+----------+-------------------------------------------
     0 | D        | NinjaNoafa the Gnoll Warper began the quest for the Orb.
     0 | D        | Reached XP level 1. HP: 20/20 MP: 6/6
    16 | D        | Reached skill level 1 in Short Blades
    16 | D        | Reached skill level 1 in Long Blades
    16 | D        | Reached skill level 1 in Axes
    16 | D        | Reached skill level 1 in Polearms
    16 | D        | Reached skill level 1 in Staves
    16 | D        | Reached skill level 1 in Ranged Weapons
    16 | D        | Reached skill level 1 in Stealth
    16 | D        | Reached skill level 1 in Shields
    16 | D        | Reached skill level 1 in Unarmed Combat
    16 | D        | Reached skill level 5 in Spellcasting
    16 | D        | Reached skill level 1 in Conjurations
    16 | D        | Reached skill level 1 in Hexes
    16 | D        | Reached skill level 1 in Summonings
    16 | D        | Reached skill level 1 in Necromancy
    16 | D        | Reached skill level 1 in Transmutations
    16 | D        | Reached skill level 1 in Fire Magic
    16 | D        | Reached skill level 1 in Ice Magic
    16 | D        | Reached skill level 1 in Air Magic
    16 | D        | Reached skill level 1 in Earth Magic
    16 | D        | Reached skill level 1 in Poison Magic
    16 | D        | Reached skill level 1 in Invocations
    16 | D        | Reached skill level 1 in Evocations
    16 | D        | Reached XP level 2. HP: 16/26 MP: 8/8
    64 | D        | Found a bloodstained altar of Trog.
    64 | D        | Found a shimmering blue altar of Sif Muna.
    64 | D        | Found a viscous altar of Jiyva.
    64 | D        | Found a hazy altar of Hepliaklqana.
    64 | D        | Found an opulent altar of Gozag.
    65 | D        | Found a glowing golden altar of the Shining One.
    65 | D        | Found a glowing silver altar of Zin.
    65 | D        | Found a basalt altar of Yredelemnul.
    65 | D        | Found a shimmering altar of Xom.
    65 | D        | Found an ornate altar of the Wu Jian Council.
    65 | D        | Found a sacrificial altar of Ru.
    65 | D        | Found a stormy altar of Qazlal.
    65 | D        | Found an iron altar of Okawaru.
    65 | D        | Found a sparkling altar of Nemelex Xobeh.
    65 | D        | Found a burning altar of Makhleb.
    65 | D        | Found a blossoming altar of Fedhas.
    65 | D        | Found a white marble altar of Elyvilon.
    65 | D        | Found a shadowy altar of Dithmenos.
    65 | D        | Found a snail-covered altar of Cheibriados.
    66 | D        | Found a radiant altar of Vehumet.
    66 | D        | Found a corrupted altar of Lugonu.
    67 | D        | Found a hide-covered altar of Uskayaw.
    67 | D        | Found an ancient bone altar of Kikubaaqudgha.
    67 | D        | Found a broken altar of Ashenzari.
    73 | D        | Became a worshipper of Cheibriados the Contemplative
   173 | D        | Reached * piety under Cheibriados
   180 | D        | Reached ** piety under Cheibriados
   181 | D        | Reached XP level 3. HP: 27/32 MP: 9/9
   184 | D        | Learned a level 2 spell: Blink
   188 | D        | Learned a level 3 spell: Lesser Beckoning
   192 | D        | Learned a level 3 spell: Teleport Other
   196 | D        | Learned a level 3 spell: Vhi's Electric Charge
   204 | D        | Noticed Pargi
   210 | D        | HP: 1/32 [Pargi (3)]
   215 | D        | Reached skill level 5 in Fighting
   215 | D        | Reached skill level 5 in Maces & Flails
   215 | D        | Reached skill level 5 in Dodging
   216 | D        | Reached *** piety under Cheibriados
   224 | D        | HP: 1/33 [Pargi (6)]
   231 | D        | Killed Pargi
   232 | D        | Reached XP level 4. HP: 14/40 MP: 2/12
   232 | D        | Reached XP level 5. HP: 17/46 MP: 2/13
   379 | D        | Noticed Sigmund
   379 | D        | Noticed Blork the orc
   410 | D        | Killed Blork the orc
   410 | D        | Reached **** piety under Cheibriados
   540 | D        | Reached ***** piety under Cheibriados
   561 | D        | Killed Sigmund
   562 | D        | Reached skill level 5 in Throwing
   562 | D        | Reached skill level 5 in Armour
   562 | D        | Reached skill level 5 in Invocations
   562 | D        | Reached XP level 6. HP: 36/53 MP: 4/16
   569 | D        | Learned a level 4 spell: Manifold Assault
   623 | D        | Reached skill level 5 in Short Blades
   623 | D        | Reached skill level 5 in Long Blades
   623 | D        | Reached skill level 5 in Axes
   623 | D        | Reached skill level 5 in Polearms
   623 | D        | Reached skill level 5 in Staves
   623 | D        | Reached skill level 5 in Ranged Weapons
   623 | D        | Reached skill level 5 in Stealth
   623 | D        | Reached skill level 5 in Shields
   623 | D        | Reached skill level 5 in Unarmed Combat
   623 | D        | Reached skill level 5 in Evocations
   671 | D        | Noticed a demonic crawler
   676 | D        | HP: 1/55 [demonic crawler (5)]
   677 | D        | Slain by a demonic crawler

Illustrated notes

Levels and vault maps discovered:
D:        pitsprint [storerooms_1, entrance_room_1, metal_vault_4, armoury_1,
          mini_pit_1, grid_room_1, main_hall_1, silver_pit, the_coven_1,
          the_vestibule_1, steel_vault_5, golden_pit, hallway_of_sentries,
          crystal_vault_6, iron_vault_5, final_vault]

Skill      XL: |  1  2  3  4  5  6 |
---------------+-------------------+-----
Short Blades   | 1 3 4 5 |  5.1
Long Blades    | 1 3 4 5 |  5.1
Axes           | 1 3 4 5 |  5.1
Polearms       | 1 3 4 5 |  5.1
Staves         | 1 3 4 5 |  5.1
Ranged Weapons | 1 3 4 5 |  5.1
Stealth        | 1 3 4 5 |  5.1
Shields        | 1 3 4 5 |  5.1
Unarmed Combat | 1 3 4 5 |  5.1
Spellcasting   | 5 6 7 |  7.2
Conjurations   | 1 2 4 |  4.2
Hexes          | 1 2 4 |  4.2
Summonings     | 1 2 4 |  4.2
Necromancy     | 1 2 4 |  4.2
Transmutations | 1 2 4 |  4.2
Fire Magic     | 1 2 4 |  4.2
Ice Magic      | 1 2 4 |  4.2
Air Magic      | 1 2 4 |  4.2
Earth Magic    | 1 2 4 |  4.2
Poison Magic   | 1 2 4 |  4.2
Invocations    | 1 2 3 5 |  5.6
Evocations     | 1 3 4 5 |  5.1
Throwing       | 3 4 5 |  5.8
Armour         | 3 4 5 |  5.8
Fighting       | 5 6 7 |  7.0
Maces & Flails | 5 6 7 |  7.0
Dodging        | 5 6 7 |  7.0
Translocations | 6 7 |  7.0

Action                   |  1- 3 |  4- 6 || total
-------------------------+-------+-------++-------
Melee: Mace              |    39 |    38 ||    77
       Bite              |     1 |     4 ||     5
       Punch             |       |     1 ||     1
Throw: Boomerang         |       |     1 ||     1
 Cast: Vhi's Electric Ch |     3 |     9 ||    12
       Blink             |     1 |     5 ||     6
       Teleport Other    |       |     3 ||     3
       Manifold Assault  |       |     1 ||     1
Invok: Bend Time         |       |     1 ||     1
  Use: Potion            |     3 |     3 ||     6
       Scroll            |     2 |       ||     2
 Stab: Sleeping          |     1 |       ||     1
Armor: Leather armour    |    12 |       ||    12
       Troll leather arm |       |     6 ||     6
Dodge: Dodged            |    83 |    36 ||   119

Table legend: (Time is in decaauts)
 A = Elapsed time spent in this place.
 B = Non-inter-level travel time spent in this place.
 C = Inter-level travel time spent in this place.
 D = Time resting spent in this place.
 E = Time spent auto-exploring this place.
 F = Levels seen in this place.
 G = Mean time per level.
                   A        B        C        D        E       F      G
               +--------+--------+--------+--------+--------+-----+--------+
         Total |    817 |    745 |     72 |     46 |    354 |   1 |  817.0 |
       Dungeon |    817 |    745 |     72 |     46 |    354 |   1 |  817.0 |
               +--------+--------+--------+--------+--------+-----+--------+

Top non-repeatable levels by time:
       D: 817 daAuts
